 Dungeon Crawl Stone Soup version 0.30.1-4-g462c640d31 (webtiles) character file.

Game seed: 3909604564052296459

977 Graphine the Charlatan (level 8, -2/52 HPs)
             Began as a Human Necromancer on Sept 9, 2023.
             Slain by a fire bat (shapeshifter) (5 damage)
             ... on level 6 of the Dungeon.
             The game lasted 00:22:40 (5652 turns).

Graphine the Charlatan (Human Necromancer)          Turns: 5652, Time: 00:22:41

Health: -2/52      AC:  5    Str: 10    XL:     8   Next: 40%
Magic:  11/11      EV: 12    Int: 16    God:
Gold:   339        SH:  0    Dex: 14    Spells: 3/11 levels left

rFire   . . .        A - +4 quarterstaff (chaos)
rCold   . . .        (shield currently unavailable)
rNeg    . . .        y - +1 robe {Will+}
rPois   .            (no helmet)
rElec   .            B - +0 cloak
rCorr   +            e - +0 pair of gloves
SInv    +            (no boots)
Will    +....        (no amulet)
Stlth   ++           h - ring of see invisible
HPRegen 0.28/turn    q - ring of resist corrosion
MPRegen 0.12/turn

%: no passive effects
@: no status effects
A: no striking features
a: no special abilities


You were on level 6 of the Dungeon.
You visited 1 branch of the dungeon, and saw 6 of its levels.
You also visited: Sewer.

You collected 339 gold pieces.

Inventory:

Hand Weapons
 A - a +4 quarterstaff of chaos (weapon)
Missiles
 w - 2 throwing nets
Armour
 e - a +0 pair of gloves (worn)
 u - a +0 leather armour of cold resistance
 y - a +1 robe of willpower (worn)
 B - a +0 cloak (worn)
 F - a scarf of harm
Magical Staves
 f - a staff of death
Jewellery
 h - a ring of see invisible (left hand)
 q - a ring of resist corrosion (right hand)
Wands
 k - a wand of flame (13)
Scrolls
 c - a scroll of silence {unknown}
 g - 2 scrolls of teleportation
 i - a scroll of poison {unknown}
 j - a scroll of vulnerability {unknown}
 l - 2 scrolls of fog {unknown}
 m - 3 scrolls of magic mapping
 o - a scroll of blinking {unknown}
 v - a scroll of enchant weapon {unknown}
 C - a scroll of enchant armour {unknown}
 D - 2 scrolls of noise {unknown}
Potions
 a - a potion of mutation {unknown}
 b - a potion of magic
 d - 2 potions of curing
 n - 5 potions of flight
 x - a potion of might {unknown}
 z - a potion of brilliance {unknown}
 E - a potion of attraction {unknown}
 G - a potion of cancellation {unknown}
Miscellaneous
 s - a phantom mirror


   Skills:
 * Level 6.3 Staves
 - Level 2.0 Dodging
 - Level 2.0 Stealth
 - Level 2.0 Spellcasting
 - Level 4.0 Necromancy
 * Level 6.3 Evocations


You had 3 spell levels left.
You knew the following spells:

 Your Spells              Type           Power      Damage    Failure   Level
a - Necrotise             Necr           56%        1d6       4%          1
b - Vampiric Draining     Necr           14%        2d7       12%         3
c - Animate Dead          Necr           14%        N/A       36%         4

Your spell library contained the following spells:

 Spells                   Type           Power      Damage    Failure   Level
 Sandblast                Erth           2%         2d4       21%         1
 Sting                    Tmut/Pois      4%         1d3       21%         1
 Passwall                 Tmut/Erth      0%         N/A       30%         2
 Poisonous Vapours        Pois/Air       2%         N/A       30%         2
 Call Canine Familiar     Summ           1%         N/A       52%         3
 Ozocubu's Armour         Ice            1%         N/A       52%         3
 Portal Projectile        Hex/Tloc       2%         N/A       52%         3
 Stone Arrow              Conj/Erth      2%         3d7       52%         3
 Agony                    Necr           14%        N/A       73%         5
 Leda's Liquefaction      Hex/Erth       0%         N/A       90%         4
 Olgreb's Toxic Radiance  Pois           1%         N/A       90%         4
 Ozocubu's Refrigeration  Ice            0%         4d7       100%        7


Dungeon Overview and Level Annotations

Branches:
Dungeon (6/15)              Sewer (visited)
 Temple: D:4-7

Altars:


Message History

What are your orders? t - Shout!
Orders for allies: a - Attack new target. p - Attack previous target. r - Retreat! s - Stop attacking. g - Guard the area. f - Follow me.
Anything else - Cancel.
Retreat in which direction?
Press: ? - help, Dir - move target, p - scorpion Fall back!
There is a stone staircase leading down here.
You start resting.
A rime drake comes into view.
The rime drake changes into a fire bat!
The fire bat bites you but does no damage.
You see here a stone.
You hit the fire bat.
The fire bat seems to speed up.
The fire bat is moderately wounded.
The fire bat closely misses you. x2
The fire bat closely misses you.
There is a stone staircase leading down here.
The fire bat bites you but does no damage.
You hit the fire bat. You freeze the fire bat.
The fire bat is moderately wounded.
The fire bat bites you.
You are engulfed in flames.
The fire bat bites you but does no damage.
You closely miss the fire bat.
The fire bat is moderately wounded.
The fire bat bites you.
* * * LOW HITPOINT WARNING * * *
You are engulfed in flames!
* * * LOW HITPOINT WARNING * * *
The fire bat barely misses you.
Aiming: Charm
Press: ? - help, Shift-Dir - straight line, f - fire bat
Aim: a fire bat shaped shifter (moderately wounded, fast, chance to affect: 72%)
The fire bat struggles to resist.
The now-empty wand crumbles to dust.
The fire bat bites you.
* * * LOW HITPOINT WARNING * * *
You are engulfed in flames.
You die...

#########################
#.......@b(.............#
#.#####################..
#.# ### #.# ############
#.# #..........# #.#
#.########.# #.# #.# #.#
#.# #.# #.#
##.##########.# #.###


You could see a fire bat shaped shifter (fast).

Vanquished Creatures
  A human (shapeshifter) (D:6)
  A water moccasin (D:5)
  A scorpion (D:4)
  A wight (D:6)
  2 hounds
  A jelly (D:6)
  Crazy Yiuf (D:4)
  4 iguanas
  2 orc wizards (D:5)
  A sickly merfolk siren (Sewer)
  A malarious merfolk avatar (Sewer)
  10 adders
  5 river rats
  A shadow imp (D:5)
  2 ufetubi
  5 worms
  3 dart slugs
  5 orcs
  5 endoplasms
  8 giant cockroaches
  9 hobgoblins
  12 jackals
  10 kobolds
  3 quokkas
  13 ball pythons
  A bat (D:2)
  9 frilled lizards
  7 goblins
  23 rats
147 creatures vanquished.

Vanquished Creatures (collateral kills)
  An orc (D:5)
  A ball python (Sewer)
  A goblin (D:3)
  A hobgoblin (D:4)
  A frilled lizard (Sewer)
  4 rats (Sewer)
9 creatures vanquished.

Grand Total: 156 creatures vanquished

Notes
Turn   | Place    | Note
-------+----------+-------------------------------------------
     0 | D:1      | Graphine the Human Necromancer began the quest for the Orb.
     0 | D:1      | Reached XP level 1. HP: 13/13 MP: 3/3
   187 | D:1      | Reached skill level 1 in Staves
   187 | D:1      | Reached skill level 1 in Evocations
   187 | D:1      | Reached XP level 2. HP: 19/19 MP: 3/5
   880 | D:2      | Reached XP level 3. HP: 24/24 MP: 0/6
  1331 | D:2      | Reached XP level 4. HP: 25/30 MP: 0/7
  1507 | D:2      | Learned a level 3 spell: Vampiric Draining
  2209 | D:3      | Reached XP level 5. HP: 35/35 MP: 5/8
  2388 | D:3      | Found a glowing drain.
  2417 | Sewer    | Entered a sewer
  2719 | Sewer    | Reached XP level 6. HP: 32/41 MP: 0/9
  3815 | D:4      | Reached XP level 7. HP: 36/46 MP: 4/10
  3820 | D:4      | Learned a level 4 spell: Animate Dead
  4456 | D:4      | Found a runed translucent door.
  4457 | D:4      | Noticed Crazy Yiuf
  4466 | D:4      | Killed Crazy Yiuf
  4659 | D:5      | Entered Level 5 of the Dungeon
  4663 | D:5      | Reached skill level 5 in Staves
  4663 | D:5      | Reached skill level 5 in Evocations
  5142 | D:5      | Noticed a water moccasin
  5151 | D:5      | Killed a water moccasin
  5152 | D:5      | Reached XP level 8. HP: 40/52 MP: 11/11
  5414 | D:6      | an orc changed into a shapeshifter
  5414 | D:6      | Noticed a shapeshifter (shapeshifter)
  5414 | D:6      | a shapeshifter changed into a komodo dragon
  5414 | D:6      | Noticed a komodo dragon (shapeshifter)
  5418 | D:6      | a komodo dragon changed into a wind drake
  5418 | D:6      | Noticed a wind drake (shapeshifter)
  5558 | D:6      | Noticed a guardian serpent
  5569 | D:6      | a guardian serpent changed into a shapeshifter
  5569 | D:6      | Noticed a shapeshifter (shapeshifter)
  5569 | D:6      | a shapeshifter changed into a human
  5569 | D:6      | Noticed a human (shapeshifter)
  5584 | D:6      | Killed a human
  5585 | D:6      | a black bear changed into a shapeshifter
  5585 | D:6      | Noticed a shapeshifter (shapeshifter)
  5585 | D:6      | a shapeshifter changed into a harpy
  5585 | D:6      | Noticed a harpy (shapeshifter)
  5587 | D:6      | a harpy changed into an ice beast
  5637 | D:6      | Noticed a rime drake
  5642 | D:6      | a rime drake changed into a fire bat
  5642 | D:6      | Noticed a fire bat (shapeshifter)
  5652 | D:6      | Slain by a fire bat (shapeshifter)

Illustrated notes

Levels and vault maps discovered:
D:1:      nicolae_arrival_memento_mori, layout_basic,
          corexii_item_surrounded_by_moat, minmay_fountain_box,
          nrook_mini_vaults
D:2:      minmay_diamond_boxcup, layout_basic
D:3:      layout_basic, portal_sewer_entry_b
D:4:      layout_basic, uniq_crazy_yiuf_cottage
D:5:      layout_rooms, hangedman_abyss_or_decor_lesser_grid, grunt_ministairs_5
D:6:      layout_loops_ring, minmay_temple_entry_enclosed_plants,
          serial_bayou_pond_e, kennysheep_opposing_triangles

Skill      XL: |  1  2  3  4  5  6  7  8 |
---------------+-------------------------+-----
Staves         | 1 2 3 4 5 6 |  6.3
Evocations     | 1 2 3 4 5 6 |  6.3
Dodging        | |  2.0
Stealth        | |  2.0
Spellcasting   | |  2.0
Necromancy     | |  4.0

Action                     |  1- 3 |  4- 6 |  7- 9 || total
---------------------------+-------+-------+-------++-------
  Melee: Staff             |    33 |    95 |    58 ||   186
         Quarterstaff      |       |       |    50 ||    50
         Punch             |       |       |     2 ||     2
   Cast: Necrotise         |    60 |   110 |    58 ||   228
  Evoke: Wand              |       |       |     2 ||     2
    Use: Scroll            |     2 |     1 |     8 ||    11
         Potion            |       |       |     5 ||     5
   Stab: Sleeping          |       |     2 |       ||     2
         Invisible         |       |       |     3 ||     3
 Armour: Robe              |     5 |    28 |    22 ||    55
         Skin              |       |       |    13 ||    13
  Dodge: Dodged            |    19 |    82 |    61 ||   162
